 Dungeon Crawl Stone Soup version 0.29-a0-187-ga23d9638d5 (webtiles) character file.

Game seed: 13473424235040076601

12 cyrus the Covered (level 2, 0/24 HPs)
             Began as a Human Fighter on Feb 21, 2022.
             Was a Follower of Okawaru.
             Slain by a hobgoblin (1 damage)
             ... on level 1 of the Dungeon.
             The game lasted 00:01:44 (588 turns).

cyrus the Covered (Human Fighter)                    Turns: 588, Time: 00:01:45

Health: 0/24       AC:  6    Str: 16    XL:     2   Next: 45%
Magic:  2/2        EV:  8    Int:  8    God:    Okawaru [*.....]
Gold:   22         SH:  4    Dex: 12    Spells: 1/1 levels left

rFire   . . .      SeeInvis .   a - +0 long sword
rCold   . . .      Faith    .   c - +0 buckler
rNeg    . . .      Spirit   .   b - +0 scale mail
rPois   .          Reflect  .   (no helmet)
rElec   .          Harm     .   (no cloak)
rCorr   .          Rampage  .   (no gloves)
Will    .....                   (no boots)
Stlth   ..........              (no amulet)
HPRegen 0.08/turn               (no ring)
MPRegen 0.08/turn               (no ring)

@: no status effects
A: no striking features
a: Renounce Religion, Heroism


You were on level 1 of the Dungeon.
You worshipped Okawaru.
Okawaru was aware of your devotion.
You visited 1 branch of the dungeon, and saw 1 of its levels.

You collected 22 gold pieces.

Inventory:

Hand Weapons
 a - a +0 long sword (weapon)
Armour
 b - a +0 scale mail (worn)
 c - a +0 buckler (worn)
Scrolls
 e - a scroll of identify {unknown}
Potions
 d - a potion of might


   Skills:
 + Level 3.2 Fighting
 + Level 2.0 Long Blades
 + Level 3.3 Armour
 + Level 3.0 Shields


You had one spell level left.
You didn't know any spells.
Your spell library was empty.

Dungeon Overview and Level Annotations

Branches:
Dungeon (1/15)

Altars:
Okawaru


Message History

You hit the jackal.
The jackal is severely wounded.
The bat barely misses you. The bat hits you but does no damage.
The jackal bites you but does no damage. x2
The hobgoblin hits you but does no damage.
The bat hits you but does no damage. You block the jackal's attack.
The jackal barely misses you.
The hobgoblin hits you but does no damage.
You hit the jackal.
You kill the jackal!
Okawaru accepts your kill. The bat barely misses you.
The bat hits you but does no damage. You block the bat's attack.
The bat hits you but does no damage. You block the jackal's attack.
The bat closely misses you.
The kobold hits you with a +0 short sword of freezing.
The kobold freezes you. The hobgoblin hits you.
* * * LOW HITPOINT WARNING * * *
The jackal barely misses you. The bat barely misses you.
The jackal bites you but does no damage.
You block the hobgoblin's attack. The kobold hits you but does no damage.
The bat barely misses you. The hobgoblin hits you.
* * * LOW HITPOINT WARNING * * *
The jackal bites you but does no damage.
You miss the bat. The bat hits you.
* * * LOW HITPOINT WARNING * * *
The bat hits you but does no damage. You block the jackal's attack.
The jackal bites you but does no damage.
The hobgoblin hits you.
* * * LOW HITPOINT WARNING * * *
You block the kobold's attack. You block the hobgoblin's attack.
The jackal bites you but does no damage.
You slash the bat!
You kill the bat!
Okawaru accepts your kill. The bat hits you but does no damage.
The jackal bites you but does no damage.
You block the jackal's attack.
The hobgoblin hits you but does no damage.
The kobold barely misses you. The hobgoblin hits you.
You die...

#....#.########.# #.#
#....#....#####.##
#.# #...#....#......#
#.#
#(.......#......###.#
#......!.#.......##.#
#........#.....#+##..
#...b..###.......$...
#..gg..# #.......[.(.
#...@h.# #.......$...
#..K.h.# ######......
#......# #..)...
#....$.# #......
#......# #....>.
#......# #......
#......# ##......
........ #.......
#.......


You could see 2 jackals, 2 hobgoblins, a bat and a kobold.

Vanquished Creatures
  A goblin (D:1)
  A hobgoblin (D:1)
  A jackal (D:1)
  2 quokkas (D:1)
  A ball python (D:1)
  3 bats (D:1)
  A frilled lizard (D:1)
  2 kobolds (D:1)
  A rat (D:1)
13 creatures vanquished.

Notes
Turn   | Place    | Note
-------+----------+-------------------------------------------
     0 | D:1      | cyrus the Human Fighter began the quest for the Orb.
     0 | D:1      | Reached XP level 1. HP: 18/18 MP: 1/1
   309 | D:1      | Reached XP level 2. HP: 19/24 MP: 2/2
   309 | D:1      | Found a faded altar of an unknown god.
   339 | D:1      | Prayed at the altar of an unknown god.
   339 | D:1      | Became a worshipper of Warmaster Okawaru
   339 | D:1      | Reached * piety under Okawaru
   587 | D:1      | HP: 1/24 [hobgoblin (4)]
   588 | D:1      | Slain by a hobgoblin

Illustrated notes

Levels and vault maps discovered:
D:1:      minmay_arrival_cross, layout_basic, basic_ecumenical_altar,
          nicolae_wormholes

Action                   || total
-------------------------++-------
Melee: Long sword        ||    40
Armor: Scale mail        ||   100
Dodge: Dodged            ||    78
Block: Buckler           ||    34

Table legend: (Time is in decaauts)
 A = Elapsed time spent in this place.
 B = Non-inter-level travel time spent in this place.
 C = Inter-level travel time spent in this place.
 D = Time resting spent in this place.
 E = Time spent auto-exploring this place.
 F = Levels seen in this place.
 G = Mean time per level.
                   A        B        C        D        E       F      G
               +--------+--------+--------+--------+--------+-----+--------+
         Total |    601 |    601 |      0 |      0 |    344 |   1 |  601.0 |
       Dungeon |    601 |    601 |      0 |      0 |    344 |   1 |  601.0 |
               +--------+--------+--------+--------+--------+-----+--------+

Top non-repeatable levels by time:
     D:1: 601 daAuts
